 Dungeon Crawl Stone Soup version 0.29-a0-322-g68df515428 (webtiles) character file.

Game seed: 10208579438019059563

42 gimp the Cudgeller (level 3, 0/24 HPs)
             Began as a Formicid Wanderer on Apr 8, 2022.
             Slain by an iguana (8 damage)
             ... on level 2 of the Dungeon.
             The game lasted 00:03:32 (1371 turns).

gimp the Cudgeller (Formicid Wanderer)              Turns: 1371, Time: 00:03:32

Health: 0/24       AC:  7    Str: 16    XL:     3   Next: 77%
Magic:  0/6        EV:  8    Int: 11    God:
Gold:   87         SH:  4    Dex: 12    Spells: 6/6 levels left

rFire   . . .      SeeInvis +   a - +0 mace
rCold   . . .      Faith    .   b - +0 buckler
rNeg    . . .      Spirit   +   g - +0 scale mail
rPois   +          Reflect  .   (helmet unavailable)
rElec   .          Harm     .   m - +0 cloak
rCorr   .          Rampage  .   (no gloves)
Will    .....                   (no boots)
Stlth   ..........              l - amulet of guardian spirit
HPRegen 0.08/turn               j - ring of poison resistance
MPRegen 0.10/turn               h - ring of wizardry

@: no status effects
A: permanent stasis, dig shafts and tunnels, antennae 3, four strong arms
a: Dig, Shaft Self


You were on level 2 of the Dungeon.
You visited 1 branch of the dungeon, and saw 2 of its levels.

You collected 87 gold pieces.

Inventory:

Hand Weapons
 a - a +0 mace (weapon)
Armour
 b - a +0 buckler (worn)
 g - a +0 scale mail (worn)
 m - a +0 cloak (worn)
Jewellery
 h - a ring of wizardry (right hand)
 j - a ring of poison resistance (left hand)
 l - an amulet of guardian spirit (around neck)
Scrolls
 c - a scroll of vulnerability
 e - a scroll of summoning {unknown}
 i - a scroll of immolation {unknown}
 n - a scroll of magic mapping {unknown}
Potions
 d - a potion of lignification {unknown}
 f - a potion of invisibility {unknown}
 k - a potion of curing


   Skills:
 * Level 3.3 Maces & Flails
 - Level 1.1 Armour
 + Level 3.2 Shields
 - Level 2.1 Spellcasting
 - Level 2.6 Conjurations


You had 6 spell levels left.
You didn't know any spells.
Your spell library contained the following spells:

 Spells                   Type           Power      Damage    Failure   Level
 Magic Dart               Conj           28%        1d4       17%         1
 Foxfire                  Conj/Fire      16%        2x1d4     30%         1
 Apportation              Tloc           2%         N/A       45%         1
 Corpse Rot               Necr/Air       2%         N/A       58%         2
 Hailstorm                Conj/Ice       4%         3d4       95%         4
 Dispel Undead            Necr           1%         3d6       99%         4
 Alistair's Intoxication  Tmut/Pois      0%         N/A       100%        5
 Death Channel            Necr           0%         N/A       100%        6


Dungeon Overview and Level Annotations

Branches:
Dungeon (2/15)

Altars:


Innate Abilities, Weirdness & Mutations

You cannot be hasted, slowed, berserked, paralysed or teleported.
You can dig through walls and to a lower floor.
You have a pair of large antennae on your head. (SInv)
Your four strong arms can wield two-handed weapons with a shield.


Message History

An iguana comes into view.
The iguana hisses angrily.
The iguana moves out of view.
You see here a sedimented cyan potion.
An iguana is nearby!
An iguana is nearby!
An iguana is nearby!
d - a sedimented cyan potion
Found an escape hatch in the ceiling.
You hit the iguana but do no damage. The iguana barely misses you.
You barely miss the iguana. The iguana closely misses you.
The iguana bites you but does no damage.
You barely miss the iguana. The iguana bites you!
You take 10 damage, and have 14/24 hp.
MASSIVE DAMAGE!!
You now have 4/6 mp.
You barely miss the iguana.
The iguana bites you but does no damage.
You barely miss the iguana. The iguana closely misses you.
You closely miss the iguana. The iguana bites you! x2
* * * LOW HITPOINT WARNING * * *
You take 11 damage, and have 3/24 hp.
MASSIVE DAMAGE!!
You now have 1/6 mp.
You are too injured to fight recklessly!
You are too injured to fight recklessly!
The iguana attacks as you move away! The iguana closely misses you.
The iguana attacks as you move away! The iguana bites you.
* * * LOW HITPOINT WARNING * * *
You take 1 damage, and have 2/24 hp.
You now have 0/6 mp.
The iguana attacks as you move away! The iguana barely misses you.
You aren't carrying any items that you can evoke.
Unknown command.
Okay, then.
Okay, then.
It was a potion of curing.
You feel better. The iguana bites you!
* * * LOW HITPOINT WARNING * * *
You regained 3 hp, and now have 5/24 hp.
You now have 0/6 mp.
You feel better. The iguana bites you.
You regained 3 hp, and now have 8/24 hp.
Are you sure you want to shaft yourself?
The iguana bites you!
You die...

#.# ### ##.###.[.######### ###
.......#.......... ....
#..##....##..# #.##########..#..
#=.##.#......# #................
...##....# #.###................
....†..#.###........)...####<...
...#.........).##.......# .
...#.......>.†..@l......#
...#.....#.....##.......#
..####.....#.#..........# ..#
#.†...#.####.......#
#............# #.##.####
######.......# #.##.# ..#
#........# #.##.# ..#
##............ .# ..#
#.......###


You could see an iguana.

Vanquished Creatures
  A dart slug (D:1)
  5 bats
  3 endoplasms (D:1)
  2 giant cockroaches
  4 hobgoblins (D:1)
  2 jackals (D:1)
  2 kobolds
  3 quokkas
  6 ball pythons
  3 frilled lizards (D:1)
  3 goblins
  A rat (D:1)
35 creatures vanquished.

Notes
Turn   | Place    | Note
-------+----------+-------------------------------------------
     0 | D:1      | gimp the Formicid Wanderer began the quest for the Orb.
     0 | D:1      | gimp set off with the following items: a +0 mace, a +0
                  | buckler, a scroll of vulnerability, a +0 leather armour;
                  | and the following spells available to memorise: Magic Dart,
                  | Foxfire, Hailstorm
     0 | D:1      | Reached XP level 1. HP: 13/13 MP: 3/3
   199 | D:1      | Reached XP level 2. HP: 19/19 MP: 5/5
   587 | D:1      | Reached XP level 3. HP: 16/24 MP: 6/6
  1371 | D:2      | Slain by an iguana

Illustrated notes

Levels and vault maps discovered:
D:1:      dpeg_arrival_castle, layout_loops_ring, kennysheep_crisscross
D:2:      layout_loops_ring

Skill      XL: |  1  2  3 |
---------------+----------+-----
Shields        | 3 |  3.2
Maces & Flails | 3 |  3.3
Armour         | |  1.1
Spellcasting   | |  2.1
Conjurations   | |  2.6

Action                   || total
-------------------------++-------
Melee: Mace              ||   105
 Abil: Dig               ||     1
       Shaft Self        ||     1
  Use: Potion            ||     2
Armor: Scale mail        ||    71
Dodge: Dodged            ||    72
Block: Buckler           ||    24

Table legend: (Time is in decaauts)
 A = Elapsed time spent in this place.
 B = Non-inter-level travel time spent in this place.
 C = Inter-level travel time spent in this place.
 D = Time resting spent in this place.
 E = Time spent auto-exploring this place.
 F = Levels seen in this place.
 G = Mean time per level.
                   A        B        C        D        E       F      G
               +--------+--------+--------+--------+--------+-----+--------+
         Total |   1404 |   1359 |     45 |      0 |   1030 |   2 |  702.0 |
       Dungeon |   1404 |   1359 |     45 |      0 |   1030 |   2 |  702.0 |
               +--------+--------+--------+--------+--------+-----+--------+

Top non-repeatable levels by time:
     D:1: 1203 daAuts
     D:2: 200 daAuts
